 Dungeon Crawl Stone Soup version 0.29-a0-251-g80730f7218 (webtiles) character file.

Game seed: 12903120782620839908

1917 horus123 the Fighter (level 8, -8/80 HPs)
             Began as a Minotaur Fighter on Mar 5, 2022.
             Was a Believer of Okawaru.
             Killed from afar by a gargoyle (18 damage)
             ... with a stone arrow
             ... on level 7 of the Dungeon.
             The game lasted 00:10:57 (6498 turns).

horus123 the Fighter (Minotaur Fighter)             Turns: 6498, Time: 00:10:57

Health: -8/80      AC: 19    Str: 23    XL:     8   Next: 95%
Magic:  10/10      EV:  6    Int:  5    God:    Okawaru [**....]
Gold:   345        SH:  4    Dex: 10    Spells: 7/7 levels left

rFire   . . .      SeeInvis .   a - +1 flail
rCold   . . .      Faith    .   c - +0 buckler
rNeg    . . .      Spirit   .   y - +0 plate armour
rPois   .          Reflect  .   s - +1 hat
rElec   .          Harm     .   b - +1 cloak
rCorr   .          Rampage  .   p - +0 pair of gloves
Will    .....                   t - +0 pair of boots
Stlth   ..........              (no amulet)
HPRegen 0.23/turn               (no ring)
MPRegen 0.12/turn               (no ring)

@: mighty
A: horns 2, retaliatory headbutt
a: Renounce Religion, Heroism


You were on level 7 of the Dungeon.
You worshipped Okawaru.
Okawaru was pleased with you.
You visited 1 branch of the dungeon, and saw 7 of its levels.

You collected 345 gold pieces.

Inventory:

Hand Weapons
 a - a +1 flail (weapon)
Missiles
 j - 2 silver javelins (quivered)
Armour
 b - a +1 cloak (worn)
 c - a +0 buckler (worn)
 p - a +0 pair of gloves (worn)
 s - a +1 hat (worn)
 t - a +0 pair of boots (worn)
 y - a +0 plate armour (worn)
Wands
 o - a wand of flame (18)
 q - a wand of digging (4)
 u - a wand of polymorph (1)
Scrolls
 g - a scroll of enchant armour {unknown}
 h - a scroll of holy word
 i - a scroll of teleportation
 k - 2 scrolls of noise
 m - 3 scrolls of amnesia
Potions
 e - 3 potions of haste
 f - a potion of mutation
 l - 3 potions of degeneration
 n - 2 potions of curing {unknown}
 r - a potion of brilliance {unknown}
 z - a potion of magic {unknown}


   Skills:
 + Level 10.4 Fighting
 - Level 5.0 Maces & Flails
 - Level 8.2 Armour
 - Level 3.6 Shields
 - Level 4.0 Invocations


You had 7 spell levels left.
You didn't know any spells.
Your spell library contained the following spells:

 Spells                   Type           Power      Damage    Failure   Level
 Slow                     Hex            0%         N/A       100%        1
 Confusing Touch          Hex            0%         N/A       100%        3
 Vampiric Draining        Necr           0%         2d6       100%        3


Dungeon Overview and Level Annotations

Branches:
Dungeon (7/15)             Temple (0/1) D:7

Altars:
Dithmenos
Hepliaklqana
Okawaru
Ru
Uskayaw
Vehumet

Annotations:
D:4 1 runed translucent door, Crazy Yiuf


Innate Abilities, Weirdness & Mutations

You have a pair of horns on your head.
You reflexively headbutt those who attack you in melee.


Message History

There is a staircase to the Ecumenical Temple here.
An orc warrior and a gargoyle come into view.
The orc warrior shouts!
You hear a shout!
An orc comes into view. It is wielding a +0 club.
An orc comes into view. It is wielding a +0 whip.
An orc priest comes into view. It is wielding a +0 falchion.
The orc priest shouts!
The gargoyle hurls a stone arrow at you.
The stone arrow hits you!
Found 14 gold pieces.
The orc priest mumbles some strange prayers to Beogh against you.
Beogh smites you!
The gargoyle hurls a stone arrow at you.
The stone arrow hits you!!
You feel very mighty all of a sudden.
You barely miss the gargoyle.
You headbutt the gargoyle, but do no damage.
You block the gargoyle's attack.
You hit the gargoyle. Your headbutt misses the gargoyle.
The gargoyle is lightly damaged.
The gargoyle hits you but does no damage.
You hit the gargoyle.
You headbutt the gargoyle, but do no damage.
The gargoyle is moderately damaged.
The gargoyle hurls a stone arrow at you.
The stone arrow hits you!!
* * * LOW HITPOINT WARNING * * *
You barely miss the gargoyle.
The gargoyle is moderately damaged.
The gargoyle hits you but does no damage.
You hit the gargoyle but do no damage.
The gargoyle is moderately damaged.
The gargoyle hurls a stone arrow at you.
The stone arrow hits you!
* * * LOW HITPOINT WARNING * * *
You sock the gargoyle! Your headbutt misses the gargoyle.
The gargoyle is almost destroyed.
The gargoyle hurls a stone arrow at you.
The stone arrow hits you!!
You die...

.......# ##.##⌠...⌠#
.......####.##.....#
............##..>..#
......)......#.....#
...###....##.#⌠...⌠# ..##
#.......###.### .
...###.#...##.#...# ..
....#.##.... .#.8.# ...
..............#.@.# $...
...##.....##..##9####.....
.### ... #....ooo........
... .. .......o..o..o...
.... .................
.... .......###.....#.
.... ...#### #...## .## ..
...# ... #....


You could see an orc warrior, a gargoyle, an orc priest and 2 orcs.

Vanquished Creatures
  A kobold demonologist (D:5)
  2 water moccasins
  2 black bears (D:5)
  2 sky beasts
  2 ogres (D:5)
  A phantom (D:5)
  A kobold brigand (D:6)
  A scorpion (D:6)
  2 jellies
  6 orc priests
  An iguana (D:5)
  Terence (D:2)
  Jessica (D:2)
  An orc wizard (D:6)
  Robin (D:2)
  11 adders
  5 gnolls
  A shadow imp (D:5)
  3 white imps
  4 ufetubi
  2 worms (D:2)
  3 dart slugs
  20 orcs
  7 bats
  14 endoplasms
  A giant cockroach (D:3)
  13 goblins
  7 hobgoblins
  7 jackals
  10 kobolds
  2 quokkas (D:1)
  8 ball pythons
  3 frilled lizards
  3 rats
  A bush (D:4)
150 creatures vanquished.

Notes
Turn   | Place    | Note
-------+----------+-------------------------------------------
     0 | D:1      | horus123 the Minotaur Fighter began the quest for the Orb.
     0 | D:1      | Reached XP level 1. HP: 19/19 MP: 0/0
    49 | D:1      | Reached skill level 4 in Fighting
   126 | D:1      | Reached XP level 2. HP: 28/28 MP: 1/1
   360 | D:1      | Reached skill level 5 in Fighting
   451 | D:1      | Reached XP level 3. HP: 36/36 MP: 2/2
   716 | D:2      | Found a faded altar of an unknown god.
  1091 | D:2      | Noticed Robin
  1092 | D:2      | Reached skill level 6 in Fighting
  1092 | D:2      | Reached XP level 4. HP: 42/44 MP: 3/3
  1096 | D:2      | Killed Robin
  1191 | D:2      | Noticed Jessica
  1195 | D:2      | Killed Jessica
  1436 | D:2      | Reached skill level 7 in Fighting
  1436 | D:2      | Reached XP level 5. HP: 50/52 MP: 4/4
  1505 | D:2      | Found a sacrificial altar of Ru.
  1548 | D:2      | Noticed Terence
  1565 | D:2      | Killed Terence
  2101 | D:3      | Reached XP level 6. HP: 44/60 MP: 5/5
  2220 | D:3      | Found a large runed translucent door.
  2220 | D:3      | Found a large runed translucent door.
  2430 | D:3      | Reached skill level 5 in Maces & Flails
  2665 | D:3      | Found a shadowy altar of Dithmenos.
  2673 | D:3      | Found an iron altar of Okawaru.
  2944 | D:3      | Became a worshipper of Warmaster Okawaru
  3265 | D:4      | Found a radiant altar of Vehumet.
  3439 | D:4      | Reached skill level 5 in Armour
  3590 | D:4      | Noticed a sky beast
  3603 | D:4      | Killed a sky beast
  3604 | D:4      | Reached XP level 7. HP: 63/66 MP: 6/6
  3814 | D:4      | Found a runed translucent door.
  3815 | D:4      | Noticed Crazy Yiuf
  3846 | D:5      | Entered Level 5 of the Dungeon
  3934 | D:5      | Reached * piety under Okawaru
  4503 | D:5      | Reached skill level 1 in Invocations
  4671 | D:5      | Reached XP level 8. HP: 60/73 MP: 7/9
  4865 | D:5      | Found a hazy altar of Hepliaklqana.
  5128 | D:5      | Noticed a kobold demonologist
  5137 | D:5      | Killed a kobold demonologist
  5137 | D:5      | Reached ** piety under Okawaru
  5138 | D:5      | Reached skill level 8 in Fighting
  5232 | D:5      | Found a hide-covered altar of Uskayaw.
  5641 | D:6      | Reached skill level 9 in Fighting
  5975 | D:6      | Reached skill level 10 in Fighting
  6471 | D:7      | Found a staircase to the Ecumenical Temple.
  6486 | D:7      | Noticed a gargoyle
  6498 | D:7      | Killed from afar by a gargoyle

Illustrated notes

Levels and vault maps discovered:
D:1:      pf_arrival_petrified_forest, layout_basic
D:2:      layout_loops_cross, basic_altar, ebering_ecumenical_altar_hall,
          uniq_jessica, uniq_terence, uniq_robin
D:3:      layout_loops_ring, jmf_multi_god_temple2
D:4:      layout_basic, mainiacjoe_overflow_alcove_2, uniq_crazy_yiuf_cottage
D:5:      layout_loops_corners, nzn_hepliaklqana_mist_gate,
          eat_drink_and_be_merry_uskayaw
D:6:      layout_cave_pods
D:7:      layout_cave_pools, trog_ov_bears_minmay,
          nicolae_overflow_hidden_temple, minmay_temple_entry_antechambers,
          gammafunk_ghost_icy, nicolae_shop_firing_range

Skill      XL: |  1  2  3  4  5  6  7  8 |
---------------+-------------------------+-----
Fighting       | 4 5 6 7 10 | 10.4
Maces & Flails | 4 5 |  5.0
Armour         | 6 8 |  8.2
Invocations    | 3 4 |  4.0
Shields        | |  3.6

Action                   |  1- 3 |  4- 6 |  7- 9 || total
-------------------------+-------+-------+-------++-------
Melee: Flail             |    81 |   157 |   198 ||   436
       Headbutt          |    11 |    26 |    43 ||    80
Throw: Javelin           |       |     2 |       ||     2
  Use: Scroll            |       |       |    10 ||    10
       Potion            |       |       |     2 ||     2
Armor: Scale mail        |    35 |    46 |       ||    81
       Chain mail        |       |    16 |    44 ||    60
       Plate armour      |       |       |    71 ||    71
Dodge: Dodged            |    43 |    66 |    56 ||   165
Block: Buckler           |    21 |    30 |    33 ||    84

Table legend: (Time is in decaauts)
 A = Elapsed time spent in this place.
 B = Non-inter-level travel time spent in this place.
 C = Inter-level travel time spent in this place.
 D = Time resting spent in this place.
 E = Time spent auto-exploring this place.
 F = Levels seen in this place.
 G = Mean time per level.
                   A        B        C        D        E       F      G
               +--------+--------+--------+--------+--------+-----+--------+
         Total |   6600 |   6459 |    141 |    503 |   4763 |   7 |  942.9 |
       Dungeon |   6600 |   6459 |    141 |    503 |   4763 |   7 |  942.9 |
               +--------+--------+--------+--------+--------+-----+--------+

Top non-repeatable levels by time:
     D:5: 1568 daAuts
     D:3: 1223 daAuts
     D:2: 1080 daAuts
     D:6: 1012 daAuts
     D:4: 912 daAuts
     D:1: 701 daAuts
     D:7: 102 daAuts
